[ AOE2 MATCH · #505504363 ]
UnrankedSpanish vs Mapuche
Player's team · LOSS
Rival team · WIN
[ REPLAY ANALYSIS · EXTRACTED FROM THE RECORDED GAME ]
Feudal
8:50
Castle
25:27
Imperial
—
| APM avg | 64.0 |
| APM peak | 99 |
| eAPM avg | 20.0 |
| Villagers / military | 60 / 19 |
Focus
⚔️ 41.5% · 🌾 58.5%
Scout Cavalry ×11 · Conquistador ×7 · Knight ×1
Feudal
9:40
Castle
23:21
Imperial
—
| APM avg | 46.6 |
| APM peak | 112 |
| eAPM avg | 22.6 |
| Villagers / military | 75 / 24 |
Focus
⚔️ 27.4% · 🌾 72.6%
Bolas Rider ×19 · Spearman ×4 · Skirmisher ×1
Match map
Initial resources + every placement click. Lines = walls · curves = elevation contours. ◆ gold · ⬟ stone · ● berries · ✦ relic · ◌ wall gap
Your base· Open — 5t gap
只会打步弓's base· Open — 3t gap
Smoothed initial terrain · ◌ = detected wall gap · hover for details
Inputs per minute
— Ivannovich - - 只会打步弓
Build order — Ivannovich
First 150 of 163 actions detected
| 0:00 | Queue | Villager (Male) |
| 0:00 | Queue | Villager (Male) |
| 0:01 | Queue | Villager (Male) |
| 0:03 | Build | House |
| 0:04 | Build | House |
| 0:07 | Queue | Villager (Male) |
| 1:14 | Queue | Villager (Male) |
| 1:14 | Queue | Villager (Male) |
| 1:59 | Queue | Villager (Male) |
| 1:59 | Queue | Villager (Male) |
| 2:17 | Queue | Villager (Male) |
| 2:27 | Queue | Villager (Male) |
| 2:27 | Queue | Villager (Male) |
| 2:59 | Build | House |
| 3:09 | Build | Lumber Camp |
| 3:40 | Queue | Villager (Male) |
| 3:50 | Queue | Villager (Male) |
| 4:32 | Queue | Villager (Male) |
| 4:57 | Queue | Villager (Male) |
| 5:21 | Build | Mill |
| 5:25 | Queue | Villager (Male) |
| 5:37 | Queue | Villager (Male) |
| 5:37 | Research | Loom |
| 6:37 | Research | Feudal Age |
| 6:37 | Research | Feudal Age |
| 6:53 | Build | House |
| 7:50 | Build | Barracks |
| 8:50 | Age | Feudal Age |
| 8:51 | Build | Stable |
| 8:55 | Queue | Villager (Male) |
| 9:17 | Build | House |
| 9:17 | Queue | Scout Cavalry |
| 9:24 | Queue | Scout Cavalry |
| 9:28 | Build | Mining Camp |
| 9:32 | Queue | Villager (Male) |
| 9:42 | Queue | Scout Cavalry |
| 9:45 | Queue | Villager (Male) |
| 9:45 | Queue | Villager (Male) |
| 9:45 | Queue | Villager (Male) |
| 9:45 | Queue | Villager (Male) |
| 9:56 | Build | Watch Tower |
| 10:37 | Build | Palisade Wall |
| 10:38 | Build | Palisade Wall |
| 10:39 | Build | Palisade Wall |
| 11:06 | Queue | Villager (Male) |
| 11:36 | Build | Farm |
| 11:36 | Build | Farm |
| 11:36 | Build | Farm |
| 11:37 | Build | Farm |
| 11:37 | Build | Farm |
| 11:48 | Queue | Villager (Male) |
| 11:56 | Build | Mill |
| 12:55 | Build | Watch Tower |
| 13:04 | Queue | Villager (Male) |
| 13:17 | Build | Palisade Wall |
| 13:21 | Build | Palisade Wall |
| 13:23 | Build | Palisade Wall |
| 13:28 | Build | Palisade Wall |
| 13:34 | Queue | Villager (Male) ×3 |
| 13:40 | Queue | Villager (Male) |
| 13:55 | Queue | Scout Cavalry |
| 13:59 | Queue | Scout Cavalry |
| 14:17 | Queue | Scout Cavalry |
| 14:21 | Build | House |
| 14:23 | Queue | Scout Cavalry |
| 14:27 | Queue | Villager (Male) |
| 14:44 | Queue | Villager (Male) |
| 14:46 | Build | Watch Tower |
| 14:51 | Queue | Villager (Male) |
| 14:53 | Build | Farm |
| 14:54 | Build | Farm |
| 14:54 | Build | Farm |
| 15:04 | Queue | Villager (Male) |
| 15:24 | Build | Blacksmith |
| 15:25 | Queue | Villager (Male) |
| 15:40 | Queue | Villager (Male) |
| 15:47 | Queue | Villager (Male) |
| 16:02 | Research | Fletching |
| 16:03 | Research | Fletching |
| 16:12 | Queue | Villager (Male) |
| 16:14 | Build | Mining Camp |
| 17:00 | Queue | Villager (Male) |
| 17:05 | Build | House |
| 17:24 | Build | Watch Tower |
| 17:31 | Queue | Villager (Male) |
| 17:40 | Queue | Scout Cavalry |
| 18:08 | Queue | Scout Cavalry |
| 18:15 | Queue | Villager (Male) |
| 18:23 | Build | Mill |
| 18:33 | Queue | Villager (Male) ×5 |
| 18:38 | Build | Palisade Wall |
| 18:41 | Build | Palisade Wall |
| 18:43 | Build | Palisade Wall |
| 19:19 | Queue | Scout Cavalry |
| 19:23 | Build | House |
| 19:29 | Queue | Villager (Male) |
| 19:59 | Build | Market |
| 20:19 | Queue | Scout Cavalry |
| 20:29 | Queue | Villager (Male) |
| 21:03 | Build | Watch Tower |
| 21:07 | Queue | Villager (Male) |
| 21:12 | Build | House |
| 21:12 | Build | House |
| 22:47 | Research | Castle Age |
| 22:47 | Research | Castle Age |
| 22:59 | Build | Watch Tower |
| 23:08 | Build | House |
| 23:09 | Build | House |
| 23:25 | Queue | Villager (Male) |
| 23:33 | Build | Palisade Wall |
| 23:34 | Build | Palisade Wall |
| 24:37 | Research | Padded Archer Armor |
| 24:38 | Research | Bloodlines |
| 24:38 | Research | Bloodlines |
| 24:38 | Research | Bloodlines |
| 24:42 | Build | Farm |
| 24:42 | Build | Farm |
| 24:42 | Build | Farm |
| 24:43 | Build | Farm |
| 24:43 | Build | Farm |
| 25:27 | Age | Castle Age |
| 25:34 | Build | Castle |
| 25:40 | Build | House |
| 25:43 | Build | Palisade Wall |
| 25:51 | Build | Lumber Camp |
| 25:55 | Queue | Knight |
| 26:03 | Queue | Villager (Male) |
| 26:10 | Queue | Villager (Male) ×2 |
| 26:26 | Queue | Conquistador |
| 26:26 | Queue | Conquistador |
| 27:14 | Queue | Villager (Male) |
| 27:29 | Queue | Conquistador |
| 27:49 | Queue | Villager (Male) |
| 28:07 | Queue | Conquistador |
| 28:11 | Build | Town Center |
| 28:28 | Queue | Villager (Male) |
| 28:44 | Queue | Villager (Male) |
| 29:18 | Research | Husbandry |
| 29:18 | Research | Husbandry |
| 29:24 | Queue | Conquistador |
| 29:25 | Queue | Villager (Male) |
| 29:27 | Build | Farm |
| 29:27 | Build | Farm |
| 29:28 | Build | Farm |
| 29:28 | Build | Farm |
| 29:28 | Build | Farm |
| 29:28 | Build | Farm |
| 29:29 | Build | Farm |
| 29:29 | Build | Farm |
| 29:39 | Queue | Villager (Male) |
Build order — 只会打步弓
First 150 of 180 actions detected
| 0:00 | Queue | Villager (Male) |
| 0:00 | Queue | Villager (Male) |
| 0:02 | Build | House |
| 0:03 | Build | House |
| 0:08 | Queue | Villager (Male) |
| 0:24 | Queue | Villager (Male) |
| 1:28 | Queue | Villager (Male) |
| 1:28 | Queue | Villager (Male) |
| 1:55 | Queue | Villager (Male) |
| 2:24 | Queue | Villager (Male) |
| 2:27 | Queue | Villager (Male) |
| 2:27 | Queue | Villager (Male) |
| 2:54 | Queue | Villager (Male) |
| 2:54 | Queue | Villager (Male) |
| 2:54 | Queue | Villager (Male) |
| 3:24 | Build | Settlement |
| 3:34 | Queue | Villager (Male) |
| 3:34 | Queue | Villager (Male) |
| 3:50 | Build | House |
| 4:01 | Queue | Villager (Male) |
| 4:01 | Queue | Villager (Male) |
| 4:01 | Queue | Villager (Male) |
| 4:01 | Queue | Villager (Male) |
| 5:01 | Queue | Villager (Male) |
| 5:21 | Research | Loom |
| 5:50 | Queue | Villager (Male) |
| 6:05 | Build | Palisade Wall |
| 6:08 | Build | Palisade Wall |
| 6:10 | Queue | Villager (Male) |
| 6:30 | Queue | Villager (Male) |
| 6:46 | Build | Palisade Wall |
| 7:02 | Queue | Villager (Male) |
| 7:21 | Build | House |
| 7:23 | Build | Palisade Wall |
| 7:25 | Research | Feudal Age |
| 7:59 | Build | Settlement |
| 8:00 | Queue | Villager (Male) |
| 8:56 | Build | Palisade Wall |
| 9:18 | Build | Palisade Wall |
| 9:40 | Age | Feudal Age |
| 9:42 | Queue | Villager (Male) |
| 9:45 | Queue | Spearman |
| 9:48 | Queue | Spearman |
| 10:02 | Queue | Spearman |
| 10:05 | Queue | Spearman |
| 10:07 | Queue | Villager (Male) |
| 10:25 | Build | House |
| 10:38 | Build | Watch Tower |
| 11:00 | Queue | Villager (Male) |
| 11:07 | Queue | Villager (Male) |
| 11:09 | Research | Double-Bit Axe |
| 11:13 | Research | Horse Collar |
| 11:17 | Research | Horse Collar |
| 11:31 | Queue | Villager (Male) |
| 11:41 | Queue | Villager (Male) |
| 11:54 | Queue | Villager (Male) |
| 11:56 | Build | Farm |
| 11:57 | Build | Farm |
| 12:00 | Build | Farm |
| 12:03 | Build | Farm |
| 12:12 | Build | Farm |
| 12:41 | Queue | Villager (Male) |
| 12:42 | Build | Farm |
| 12:59 | Queue | Villager (Male) |
| 13:03 | Build | Settlement |
| 13:17 | Build | Farm |
| 13:19 | Build | Farm |
| 13:19 | Queue | Villager (Male) |
| 13:41 | Build | Farm |
| 13:42 | Queue | Villager (Male) |
| 13:59 | Queue | Villager (Male) |
| 14:12 | Build | Farm |
| 14:21 | Build | House |
| 14:22 | Build | House |
| 14:24 | Queue | Villager (Male) |
| 14:26 | Build | Palisade Wall |
| 14:45 | Build | Farm |
| 14:49 | Build | Settlement |
| 14:50 | Queue | Villager (Male) |
| 15:09 | Build | Watch Tower |
| 15:11 | Queue | Villager (Male) |
| 15:16 | Build | Blacksmith |
| 15:20 | Build | House |
| 15:23 | Queue | Villager (Male) |
| 15:36 | Queue | Villager (Male) |
| 15:45 | Build | Palisade Wall |
| 15:51 | Queue | Villager (Male) |
| 16:00 | Research | Fletching |
| 16:13 | Build | Farm |
| 16:18 | Queue | Villager (Male) |
| 16:25 | Build | Farm |
| 16:47 | Build | Palisade Wall |
| 17:03 | Queue | Villager (Male) |
| 17:12 | Queue | Villager (Male) |
| 17:22 | Queue | Villager (Male) |
| 17:37 | Build | Farm |
| 17:55 | Queue | Villager (Male) |
| 18:00 | Build | Farm |
| 18:16 | Queue | Villager (Male) |
| 18:51 | Build | House |
| 18:55 | Build | Palisade Wall |
| 19:05 | Queue | Villager (Male) |
| 19:16 | Build | House |
| 19:21 | Build | House |
| 19:28 | Queue | Villager (Male) |
| 19:35 | Build | Farm |
| 19:53 | Build | House |
| 20:01 | Build | Market |
| 20:03 | Queue | Villager (Male) |
| 20:18 | Build | Settlement |
| 20:41 | Research | Castle Age |
| 20:48 | Build | Settlement |
| 21:16 | Build | Barracks |
| 21:19 | Queue | Villager (Male) |
| 21:41 | Build | House |
| 21:51 | Build | Watch Tower |
| 22:08 | Build | Archery Range |
| 22:36 | Build | House |
| 22:51 | Build | Archery Range |
| 23:09 | Build | House |
| 23:18 | Build | Watch Tower |
| 23:21 | Age | Castle Age |
| 23:24 | Research | Bodkin Arrow |
| 23:25 | Queue | Villager (Male) |
| 23:42 | Queue | Bolas Rider |
| 23:42 | Queue | Bolas Rider |
| 23:43 | Queue | Bolas Rider |
| 23:45 | Research | Padded Archer Armor |
| 24:03 | Queue | Villager (Male) |
| 24:05 | Queue | Bolas Rider |
| 24:11 | Queue | Bolas Rider |
| 24:11 | Queue | Bolas Rider |
| 24:12 | Queue | Villager (Male) |
| 24:15 | Queue | Villager (Male) |
| 24:30 | Queue | Bolas Rider |
| 24:36 | Queue | Skirmisher |
| 24:38 | Research | Bow Saw |
| 24:39 | Queue | Bolas Rider |
| 24:40 | Queue | Bolas Rider |
| 24:40 | Queue | Bolas Rider |
| 24:46 | Queue | Villager (Male) |
| 25:11 | Build | University |
| 25:19 | Queue | Bolas Rider |
| 25:21 | Research | Leather Archer Armor |
| 25:22 | Queue | Bolas Rider |
| 25:27 | Queue | Bolas Rider |
| 26:08 | Queue | Bolas Rider |
| 26:11 | Queue | Villager (Male) |
| 26:13 | Queue | Bolas Rider |
| 26:29 | Queue | Villager (Male) |
Match timeline
| 6:05 | 只会打步弓 · wall_segment Palisade Wall x10 |
| 6:08 | 只会打步弓 · wall_segment Palisade Wall x9 |
| 6:46 | 只会打步弓 · wall_segment Palisade Wall x14 |
| 7:23 | 只会打步弓 · wall_segment Palisade Wall x5 |
| 7:50 | Ivannovich · first_building Barracks |
| 8:50 | Ivannovich · age_up feudal |
| 8:51 | Ivannovich · first_building Stable |
| 8:56 | 只会打步弓 · wall_segment Palisade Wall x6 |
| 9:18 | 只会打步弓 · wall_segment Palisade Wall x1 |
| 9:40 | 只会打步弓 · age_up feudal |
| 10:37 | Ivannovich · wall_segment Palisade Wall x1 |
| 10:38 | Ivannovich · wall_segment Palisade Wall x1 |
| 10:39 | Ivannovich · wall_segment Palisade Wall x1 |
| 13:17 | Ivannovich · wall_segment Palisade Wall x1 |
| 13:21 | Ivannovich · wall_segment Palisade Wall x1 |
| 13:23 | Ivannovich · wall_segment Palisade Wall x1 |
| 13:28 | Ivannovich · wall_segment Palisade Wall x1 |
| 14:26 | 只会打步弓 · wall_segment Palisade Wall x1 |
| 15:45 | 只会打步弓 · wall_segment Palisade Wall x1 |
| 16:47 | 只会打步弓 · wall_segment Palisade Wall x1 |
| 18:38 | Ivannovich · wall_segment Palisade Wall x1 |
| 18:41 | Ivannovich · wall_segment Palisade Wall x1 |
| 18:43 | Ivannovich · wall_segment Palisade Wall x1 |
| 18:55 | 只会打步弓 · wall_segment Palisade Wall x1 |
| 21:10 | Ivannovich · first_market_sell 100 wood |
| 21:16 | 只会打步弓 · first_building Barracks |
| 21:31 | Ivannovich · first_market_buy 100 food |
| 22:08 | 只会打步弓 · first_building Archery Range |
| 23:21 | 只会打步弓 · age_up castle |
| 23:33 | Ivannovich · wall_segment Palisade Wall x1 |
| 23:34 | Ivannovich · wall_segment Palisade Wall x1 |
| 24:35 | 只会打步弓 · first_market_buy 100 wood |
| 25:27 | Ivannovich · age_up castle |
| 25:34 | Ivannovich · first_building Castle |
| 25:43 | Ivannovich · wall_segment Palisade Wall x1 |
| 29:35 | 只会打步弓 · first_building Monastery |
| 30:50 | Ivannovich · resign |
[ AI ANALYSIS · 1 CREDIT ]
What really happened in this match?
Wolo.gg analyzes every decision: build order, eco, micro, common mistakes by bracket. Personalized analysis on WhatsApp or Discord in 30 seconds.
Civ guide
Spanish
Perfil
Ivannovich